 Dungeon Crawl Stone Soup version 0.18.1-48-g4cf74bf (webtiles) character file.

180 Lennu the Skirmisher (level 5, -1/47 HPs)
             Began as a Draconian Chaos Knight on June 27, 2016.
             Slain by a swamp drake (glowing shapeshifter) (8 damage)
             ... on level 3 of the Dungeon.
             The game lasted 00:21:49 (2014 turns).

Lennu the Skirmisher (Draconian Chaos Knight)       Turns: 2014, Time: 00:21:52

Health: -1/47      AC:  6    Str: 18    XL:     5   Next: 33%
Magic:  5/5        EV: 12    Int: 10    God:    Xom [......]
Gold:   42         SH:  0    Dex: 10    Spells: 0 memorised, 4 levels left

rFire  . . .     SeeInvis .     a - +0 spear (chaos)
rCold  . . .     Gourm    .     (armour unavailable)
rNeg   . . .     Faith    .     (no shield)
rPois  .         Spirit   .     (helmet restricted)
rElec  .         Dismiss  .     h - +0 cloak
rCorr  .         Reflect  .     (no gloves)
SustAt .         Harm     .     (no boots)
MR     .....                    (no amulet)
Stlth  +.........               (no ring)
                                (no ring)

@: confused, very slightly contaminated, not resistant to hostile enchantments,
very unstealthy
A: unfitting armour, dopey 1, strong 1, cold-blooded, MP-powered wands, AC +5
a: Renounce Religion


You were on level 3 of the Dungeon.
You worshipped Xom.
You were a very special plaything of Xom.
You were not hungry.

You visited 1 branch of the dungeon, and saw 3 of its levels.

You collected 42 gold pieces.

Inventory:

Hand Weapons
 a - a +0 spear of chaos (weapon)
 c - a +1 spear of venom
Armour
 h - a +0 cloak (worn)
Scrolls
 d - a scroll of identify {unknown}
 g - a scroll of immolation {unknown}
 i - a scroll of magic mapping {unknown}
 j - a scroll of random uselessness {unknown}
 k - a scroll of remove curse {unknown}
Potions
 f - a potion of flight {unknown}
Comestibles
 b - 5 bread rations


   Skills:
 * Level 4.6 Fighting
 * Level 4.0 Polearms
 * Level 3.3 Dodging
 * Level 1.5 Stealth


You had 4 spell levels left.
You didn't know any spells.

Dungeon Overview and Level Annotations

Branches:
Dungeon (3/15)

Altars:
Dithmenos
Ru


Innate Abilities, Weirdness & Mutations

Your plain brown scales are hard (AC +5).
Your body does not fit into most forms of armour.
You are cold-blooded and may be slowed by cold attacks.
You are dopey. (Int -2)
Your muscles are strong. (Str +2)
You expend magic power (3 MP) to strengthen your wands.


Message History

* * * LOW HITPOINT WARNING * * *
You hit the hell rat.
The hell rat is heavily wounded.
The hell rat changes into a swamp drake!
You hit the swamp drake but do no damage.
The swamp drake is moderately wounded.
You hit the swamp drake.
Your tail-slap misses the swamp drake.
The swamp drake is moderately wounded.
The swamp drake breathes noxious fumes at you.
The noxious blast misses you.
You are engulfed in noxious fumes.
You choke on the stench!
You are confused.
* * * LOW HITPOINT WARNING * * *
You bump into the rock wall.
You are engulfed in noxious fumes.
You choke on the stench!
You are more confused.
* * * LOW HITPOINT WARNING * * *
The swamp drake bites you!
You die...
Xom roars with laughter!

**, ,*,**,,,,
,,,, * ,,,, * *
, , ,,,,,, ** ,
**,*** , *,*
,,,,* * ** *
**,* *,,,, ,,**
,,* * * * , ,*
***, * **#+#
*,, , ,,,* ,*
#.# * ****,****
,######§### *,
#.#....>§§§####
* * **
#....!()§§@k§§#
* * *,
*##.##..#####§#
,* *, #.*#..#
,#* ***,* *,
#.##..# , , * ,
#.....# , * *
** *,
###...####*, *,
#.........,*
#.###.####** *
######.######


You could see a swamp drake shaped shifter.

Vanquished Creatures
  Jessica (D:3)
  Ijyb (D:2)
  An orc wizard (D:3)
  3 gnolls (D:2)
  2 adders (D:2)
  A worm (D:3)
  A dart slug (D:3)
  2 giant geckos (D:1)
  4 orcs (D:3)
  A ball python (D:2)
  4 giant cockroaches
  6 goblins
  3 hobgoblins (D:1)
  4 jackals (D:1)
  3 kobolds (D:2)
  A quokka (D:2)
  6 bats
  2 giant newts (D:1)
  5 rats
51 creatures vanquished.

Notes
Turn   | Place    | Note
--------------------------------------------------------------
     0 | D:1      | Lennu the Draconian Chaos Knight began the quest for the Orb.
     0 | D:1      | Reached XP level 1. HP: 19/19 MP: 1/1
    62 | D:1      | XOM: potion effect (might)
    64 | D:1      | Reached XP level 2. HP: 25/26 MP: 2/2
   740 | D:1      | XOM: harmless Fire miscast
   826 | D:2      | Reached XP level 3. HP: 33/33 MP: 3/3
  1227 | D:2      | Reached XP level 4. HP: 40/40 MP: 4/4
  1303 | D:2      | Found a shadowy altar of Dithmenos.
  1318 | D:2      | Reached skill level 1 in Stealth
  1399 | D:2      | Noticed Ijyb
  1411 | D:2      | Killed Ijyb
  1565 | D:2      | XOM: silly message
  1687 | D:2      | XOM: noise
  1762 | D:3      | Noticed Jessica
  1765 | D:3      | XOM: divination: magic mapping
  1768 | D:3      | Killed Jessica
  1768 | D:3      | Reached XP level 5. HP: 45/47 MP: 5/5
  1789 | D:3      | Found a sacrificial altar of Ru.
  1796 | D:3      | XOM: silly message
  1946 | D:3      | XOM: noise
  1957 | D:3      | Noticed an ice beast
  1960 | D:3      | XOM: divination: detect creatures
  1983 | D:3      | XOM: confusion
  1985 | D:3      | Noticed a tengu
  1985 | D:3      | an ice beast changed into a tengu
  1987 | D:3      | a tengu changed into a big kobold
  1991 | D:3      | XOM: divination: magic mapping
  1992 | D:3      | Noticed a naga
  1992 | D:3      | a big kobold changed into a naga
  1994 | D:3      | Noticed a crocodile
  1994 | D:3      | a naga changed into a crocodile
  2003 | D:3      | Noticed a wasp
  2003 | D:3      | a crocodile changed into a wasp
  2004 | D:3      | Noticed a fire bat
  2004 | D:3      | a wasp changed into a fire bat
  2005 | D:3      | a fire bat changed into a scorpion
  2008 | D:3      | Gained mutation: You are dopey. (Int -2) [potion of mutation]
  2008 | D:3      | Gained mutation: Your muscles are strong. (Str +2) [potion of mutation]
  2008 | D:3      | Gained mutation: You expend magic power (3 MP) to strengthen your wands. [potion of mutation]
  2010 | D:3      | Noticed a swamp drake
  2010 | D:3      | a hell rat changed into a swamp drake
  2014 | D:3      | Slain by a swamp drake (glowing shapeshifter)

Skill      XL: |  1  2  3  4  5 |
---------------+----------------+-----
Fighting       | 4 |  4.6
Stealth        | 1 |  1.5
Dodging        | 3 |  3.3
Polearms       | 4 |  4.0

Action                   |  1- 3 |  4- 6 || total
-------------------------+-------+-------++-------
Melee: Spear             |   107 |   105 ||   212
       Tailslap          |     9 |    11 ||    20
  Use: Scroll            |     1 |     1 ||     2
       Potion            |       |     3 ||     3
 Stab: Sleeping          |       |     2 ||     2
       Paralysed         |       |     1 ||     1
  Eat: Chunk             |     1 |     1 ||     2
       Meat ration       |       |     1 ||     1
Armor: Skin              |    20 |    16 ||    36
Dodge: Dodged            |    48 |    33 ||    81
